 Dungeon Crawl Stone Soup version 0.31-a0-185-g9dded2c639 (webtiles) character file.

Game seed: 12461092020543439635

59 qw the Shooter (level 3, -5/20 HPs)
             Began as a Deep Elf Hunter on June 22, 2023.
             Killed from afar by Sigmund (6 damage)
             ... with a puff of flame
             ... on level 2 of the Dungeon.
             The game lasted 00:00:32 (1221 turns).

qw the Shooter (Deep Elf Hunter)                    Turns: 1221, Time: 00:00:33

Health: -5/20      AC:  6    Str: 10    XL:     3   Next: 78%
Magic:  5/5        EV: 12    Int: 13    God:
Gold:   120        SH:  0    Dex: 18    Spells: 2/2 levels left

rFire   + . .        Y - +0 shortbow
rCold   . . .        (shield currently unavailable)
rNeg    . . .        c - +0 leather armour
rPois   .            (no helmet)
rElec   .            (no cloak)
rCorr   .            a - +2 pair of gloves
SInv    +            (no boots)
Will    .....        (no amulet)
Stlth   ++           f - ring of protection from fire
HPRegen 0.23/turn    d - ring of see invisible
MPRegen 0.09/turn

%: no passive effects
@: no status effects
A: no striking features
a: no special abilities


You were on level 2 of the Dungeon.
You visited 1 branch of the dungeon, and saw 2 of its levels.

You collected 120 gold pieces.


   Skills:
 - Level 1.5 Fighting
 + Level 7.3 Ranged Weapons
 - Level 2.4 Dodging
 - Level 1.2 Stealth


You had 2 spell levels left.
You didn't know any spells.
Your spell library was empty.

Inventory:

Hand Weapons
 Y - a +0 shortbow (weapon)
Armour
 a - a +2 pair of gloves (worn)
 c - a +0 leather armour (worn)
Jewellery
 d - a ring of see invisible (right hand)
 f - a ring of protection from fire (left hand)
Scrolls
 g - a scroll of identify
 h - a scroll of fog {unknown}
 i - a scroll of brand weapon {unknown}
Potions
 b - a potion of curing {unknown}

Dungeon Overview and Level Annotations

Branches:
Dungeon (2/15)

Altars:

Annotations:
D:2 Sigmund


Message History

Enter note:
Enter note:
Enter note:
Enter note:
Enter note:
Enter note:
Enter note:
1213 ||| UPGRADING to ring of see invisible.
d - a ring of see invisible (right hand)
Enter note:
Enter note:
Enter note:
Enter note:
Enter note:
Enter note: Sigmund gestures at you while chanting.
The magic dart hits you but does no damage.
Sigmund points at you and mumbles some strange words.
You resist with some effort.
Sigmund points at you and mumbles some strange words.
The magic dart hits you!
Enter note:
Enter note:
Enter note:
Enter note:
Enter note:
Enter note:
Enter note:
Enter note:
Enter note:
Enter note:
Enter note:
Enter note:
Enter note:
Enter note:
Enter note: Sigmund zaps a wand.
The puff of flame hits you. You resist.
1221 ||| FLEEEEING.
Sigmund zaps a wand.
The puff of flame hits you. You resist.
You die...

#.# ###### #.#....# #.#
#....# #....### #.#
#....# ####.....# #.#
#....# #.###.#
#.#####....#### #.#
#.....)..)....######.#
#########%.............#
##... #....##)########
##.##### #.#...#@#
'......# #.#.#.#.#
##.###.# #.#...#.#
##.#...# #.#.#.#.#
##.....# #.#.#.#.#
####...# #.#.#.#.# #
#...# #.. #.# ####...#
#.# #@# .......# #.# #.#


You could see Sigmund.

Vanquished Creatures
  A gnoll (D:1)
  A dart slug (D:1)
  3 ball pythons (D:1)
  6 endoplasms
  2 goblins (D:1)
  7 hobgoblins
  5 jackals
  4 quokkas (D:1)
  3 bats (D:2)
  3 frilled lizards (D:1)
  5 kobolds
  3 rats
43 creatures vanquished.

Notes
Turn   | Place    | Note
-------+----------+-------------------------------------------
     0 | D:1      | qw the Deep Elf Hunter began the quest for the Orb.
     0 | D:1      | Reached XP level 1. HP: 12/12 MP: 3/3
     0 | D:1      | 0 ||| qw: Version: 0.3-a-9-g12657ce
     0 | D:1      | 0 ||| qw: Game counter: 1829
     0 | D:1      | 0 ||| qw: Always use a shield: true
     0 | D:1      | 0 ||| qw: God list: Okawaru
     0 | D:1      | 0 ||| qw: Allow faded altars: false
     0 | D:1      | 0 ||| qw: Do Orc after D:15 true
     0 | D:1      | 0 ||| qw: Do second Lair branch before Depths: true
     0 | D:1      | 0 ||| qw: Lair rune preference: random
     0 | D:1      | 0 ||| qw: Plans: Normal
     0 | D:1      | 0 ||| PLANNING D:1-11
    75 | D:1      | Reached XP level 2. HP: 13/16 MP: 4/4
    76 | D:1      | Reached skill level 6 in Ranged Weapons
   179 | D:1      | Reached XP level 3. HP: 17/20 MP: 5/5
   474 | D:1      | Reached skill level 7 in Ranged Weapons
   637 | D:1      | 637 ||| UPGRADING to +0 pair of gloves.
   642 | D:1      | 642 ||| UPGRADING to ring of protection from fire.
   643 | D:1      | 643 ||| READING scroll labelled RUILLI TALL.
   644 | D:1      | 644 ||| READING 2 scrolls labelled DEUWEO HAIMUCE.
   645 | D:1      | 645 ||| READING scroll labelled WUOSKA ZEKH.
   746 | D:1      | 746 ||| DROPPING scroll of butterflies.
   747 | D:1      | 747 ||| DROPPING scroll of amnesia.
  1191 | D:2      | Noticed Sigmund
  1200 | D:2      | 1200 ||| UPGRADING to +2 pair of gloves.
  1201 | D:2      | 1201 ||| UPGRADING to +2 pair of gloves.
  1211 | D:2      | 1211 ||| DROPPING +0 pair of gloves.
  1213 | D:2      | 1213 ||| UPGRADING to ring of see invisible.
  1218 | D:2      | HP: 4/20 [Sigmund/magic dart (8)]
  1220 | D:2      | HP: 1/20 [Sigmund/puff of flame (3)]
  1221 | D:2      | 1221 ||| FLEEEEING.
  1221 | D:2      | Killed from afar by Sigmund

Levels and vault maps discovered:
D:1:      minmay_arrival_nine_rooms, layout_basic, dk_noncrumbling_4
D:2:      layout_basic, uniq_sigmund

Skill      XL: |  1  2  3 |
---------------+----------+-----
Ranged Weapons | 6 7 |  7.3
Fighting       | |  1.5
Dodging        | |  2.4
Stealth        | |  1.2

Action                     || total
---------------------------++-------
   Fire: Shortbow          ||   123
    Use: Scroll            ||     3
 Armour: Leather armour    ||    11
  Dodge: Dodged            ||    31

Table legend:
 A = Non-vault XP
 B = Vault XP
 C = Vault XP percentage of total XP
 D = Non-vault monster count
 E = Vault monster count
 F = Vault count percentage of total count
                 A         B        C        D         E       F
            +---------+---------+-------+---------+---------+-------
      Total |      85 |       0 |   0.0 |      43 |       0 |   0.0
            +---------+---------+-------+---------+---------+-------
        D:1 |      69 |       0 |   0.0 |      32 |       0 |   0.0
        D:2 |      16 |       0 |   0.0 |      11 |       0 |   0.0
            +---------+---------+-------+---------+---------+-------
